 Dungeon Crawl Stone Soup version 0.21.1-1-g345015f (webtiles) character file.

1639783 dstrtn the Conqueror (level 27, 273/273 HPs)
             Began as a Minotaur Warper on Feb 9, 2018.
             Was a High Priest of Trog.
             Escaped with the Orb
             ... and 3 runes on Feb 10, 2018!
             The game lasted 05:36:35 (78005 turns).

dstrtn the Conqueror (Minotaur Warper)             Turns: 78005, Time: 05:36:36

Health: 273/273    AC: 40    Str: 27    XL:     27
Magic:  11/11      EV: 26    Int: 10    God:    Trog [*****.]
Gold:   594        SH: 29    Dex: 21    Spells: 29/29 levels left

rFire    + . .     SeeInvis +   A - +7 eveningstar (antimagic)
rCold    . . .     Gourm    +   e - +2 large shield
rNeg     + . .     Faith    .   R - +3 storm dragon scales
rPois    +         Spirit   .   D - +2 hat {MR+}
rElec    +         Reflect  .   h - +2 cloak {MR+}
rCorr    .         Harm     .   X - +2 pair of gloves
MR       ++++.                  w - +2 pair of boots {Stlth+}
Stlth    ..........             y - amulet of Riejat {Gourm rF+ Str+4 Slay+3}
HPRegen  0.55/turn              i - ring of see invisible
MPRegen  0.12/turn              p - ring "Coivil" {rPois rN+ Str+3}

@: no status effects
A: retaliatory headbutt, horns 2, talons 1, iridescent scales 1, agile 1, blink,
electricity resistance, wild magic 1, no potion heal 1
0: Orb of Zot
}: 3/15 runes: barnacled, slimy, gossamer
a: Blink, Berserk, Trog's Hand, Brothers in Arms, Burn Spellbooks, Renounce
Religion


You escaped.
You worshipped Trog.
Trog was extremely pleased with you.
You were very full.

You visited 10 branches of the dungeon, and saw 51 of its levels.
You visited 1 bazaar.
You also visited: Trove and Volcano.

You collected 6458 gold pieces.
You spent 5864 gold pieces at shops.

Inventory:

Hand Weapons
 a - a +9 demon whip of draining
 A - a +7 antimagic eveningstar (weapon)
Missiles
 N - 14 throwing nets (quivered) {!f}
Armour
 e - a +2 large shield (worn)
 h - a +2 cloak of magic resistance (worn)
 w - a +2 pair of boots of stealth (worn)
 D - a +2 hat of magic resistance (worn)
 R - +3 storm dragon scales (worn)
 X - a +2 pair of gloves (worn)
Jewellery
 c - an uncursed ring of protection from cold
 f - an uncursed ring of protection from fire
 i - a ring of see invisible (left hand)
 m - an uncursed ring of protection from magic
 p - the ring "Coivil" (right hand) {rPois rN+ Str+3}
   (You found it in a treasure trove)

   [ring of strength]

   It affects your strength (+3).
   It protects you from poison.
   It protects you from negative energy.
 q - an uncursed ring of protection from fire
 y - the amulet of Riejat (around neck) {Gourm rF+ Str+4 Slay+3}
   (You bought it in a shop on level 2 of the Orcish Mines)

   [amulet of the gourmand]

   It allows you to eat raw meat even when not hungry.
   It affects your strength (+4).
   It affects your accuracy and damage with ranged weapons and melee attacks
   (+3).
   It protects you from fire.
 P - an uncursed ring of resist corrosion
 S - an uncursed ring of protection from magic
Wands
 j - a wand of paralysis (62)
 O - a wand of enslavement (16)
 U - a wand of scattershot (2)
 V - a wand of digging (11)
 Y - a wand of acid (27)
Scrolls
 b - 6 scrolls of identify
 d - 7 scrolls of blinking
 n - 3 scrolls of fog
 G - 4 scrolls of silence
 H - 17 scrolls of remove curse
 J - 10 scrolls of fear
 K - 7 scrolls of teleportation
 Q - a scroll of summoning
 W - 5 scrolls of vulnerability {!r}
Potions
 g - 4 potions of ambrosia
 k - 7 potions of mutation {!q}
 l - 4 potions of cancellation {!q}
 t - 9 potions of flight
 v - 6 potions of lignification {!q}
 x - 6 potions of curing
 z - 4 potions of agility
 B - 4 potions of might
 E - 3 potions of heal wounds
Miscellaneous
 o - 3 phantom mirrors
 r - a lightning rod (4/4) {!a}
 s - a phial of floods
 I - a fan of gales (inert)
 L - 2 boxes of beasts
 T - a sack of spiders
 Z - a lamp of fire
Comestibles
 C - 66 rations


   Skills:
 O Level 27 Fighting
 - Level 16.0 Maces & Flails
 - Level 3.2 Throwing
 - Level 24.0 Armour
 - Level 21.7 Dodging
 - Level 25.0 Shields
 - Level 1.5 Spellcasting
   Level 2.1 Translocations
 * Level 15.8 Evocations


You had 29 spell levels left.
You didn't know any spells.

Dungeon Overview and Level Annotations

Branches:
Dungeon (15/15)            Temple (1/1) D:5            Lair (6/6) D:8
 Shoals (4/4) Lair:3       Spider (4/4) Lair:4        Slime (5/5) Lair:5
    Orc (2/2) D:12            Elf (0/3) Orc:2        Vaults (4/5) D:13
  Crypt (0/3) Vaults:3     Depths (5/5) D:15            Zot (5/5) Depths:5

Altars:
Ashenzari
Cheibriados
Dithmenos
Elyvilon
Fedhas
Hepliaklqana
Kikubaaqudgha
Makhleb
Qazlal
Ru
Sif Muna
Trog
Uskayaw
Wu Jian
Xom
Yredelemnul
Zin
The Shining One
Lugonu

Shops:
D:15 }   Orc:1 ?   Orc:2 =(*[(   Vaults:1 (   Vaults:3 *   Vaults:4 [

Portals:
Hell: Depths:1 Depths:2 Depths:3 Depths:4 Depths:5
Abyss: Depths:2 Depths:3 Depths:4 Depths:5
Pandemonium: Depths:1 Depths:3
Ziggurat: Depths:4

Annotations:
D:1 exclusion: downstairs
D:2 exclusion: downstairs
D:3 Mesmaeker13's ghost, amateur DgFi; Sigmund
D:6 1 runed door
D:10 exclusion: 2 downstairs, Mesmaeker13's ghost, novice DgFi
D:11 exclusion: 2 downstairs
Shoals:2 exclusion: Roxanne, Roxanne
Spider:2 whip of draining
Vaults:3 1 exclusion
Depths:4 exclusion: upstairs


Innate Abilities, Weirdness & Mutations

You reflexively headbutt those who attack you in melee.
You have a pair of horns on your head.
You have sharp toenails.
You are partially covered in iridescent scales. (AC +2)
You are agile. (Dex +2)
You can translocate small distances at will.
You are resistant to electric shocks. (rElec)
Your spells are a little harder to cast, but a little more powerful.
Potions are less effective at restoring your health.


Message History

A mysterious force pulls hyu upvards.
De hetch schlams schut behind hyu.
Level annotation: hekslusion: downstairs Onknown kommund.
Dere iz an open door here.
Evoke vich item? (* to schow hell) (? for menu, Esc to qvit) Aimink: Dig
Press: ? - help, Schift-Dir - schtraight line De rock shetters into schmall pieces.
A red devil komes into viev.
It iz vieldink a trident.
Hyu block de red devil's attack.
Hyu block de red devil's attack.
Dere iz a schtaircase leadink out uf de dungeon here.
Evoke vich item? (* to schow hell) (? for menu, Esc to qvit) Aimink: Scattershot
Press: ? - help, Schift-Dir - schtraight line, f - red devil
Aim: a red devil, vieldink a trident De burst uf metal fragments hits de red devil. x3
Hyu kill de red devil!
Trog accepts hyu kill.
Hyu hef escaped!

.#..#...#.#.≈##....#
.######..#4#§§.#####
#....####.#§##.##
#....###4####.#.#
#≈.##.#...#.#≈#.#
##..#.#.###.#.#.##
.≈##.####≈4#####.#
..##.#.....#..#..#
..##...≈#.#.#.).@#
##################


There were no monsters in sight!

Vanquished Creatures
  the Royal Jelly (Slime:5)
  6 orbs of fire (Zot:5)
  2 pandemonium lords
  A juggernaut (Depths:5)
  4 ancient liches
  Saint Roka (Depths:5)
  A Killer Klown (Zot:5)
  7 golden dragons
  3 caustic shrikes
  A curse toe (Zot:5)
  Nikola (Shoals:2)
  3 bone dragons
  3 electric golems
  3 liches
  26 Orb Guardians
  19 tentacled monstrosities
  A titan (Vaults:4)
  4 quicksilver dragons
  Asterion (Spider:2)
  4 death cobs
  17 acid blobs
  4 sphinxes
  Kirke (D:13)
  12 azure jellies
  A revenant (Vaults:3)
  5 shadow dragons
  23 storm dragons
  6 draconian monks
  6 tengu reavers
  Ilsuiw (Shoals:4)
  3 draconian knights
  5 fire giants
  An orc warlord (Orc:1)
  3 deep elf sorcerers
  5 draconian scorchers
  11 frost giants
  A balrug (Depths:4)
  10 vault wardens
  8 emperor scorpions
  5 ghost moths
  5 draconian shifters
  A spriggan defender (Depths:3)
  10 ironheart preservers
  A deep elf elementalist (Depths:5)
  3 draconian stormcallers
  9 draconian annihilators
  A caustic shrike skeleton (Depths:4)
  16 very ugly things
  17 stone giants
  A war gargoyle (Vaults:4)
  4 vampire knights
  13 green draconians
  3 entropy weavers
  12 black draconians
  A deep elf demonologist (Vaults:4)
  Nessos (Lair:6)
  2 juggernaut skeletons (Depths:4)
  A lorocyproca (Zot:2)
  A deep elf annihilator (Vaults:4)
  15 red draconians
  4 white draconians
  A dire elephant (D:15)
  Snorg (Orc:1)
  10 purple draconians
  4 spark wasps
  11 yellow draconians
  15 merfolk javelineers
  A deep elf death mage (Depths:3)
  14 fire dragons
  11 merfolk impalers
  15 ettins
  A jiangshi (Depths:1)
  8 death oozes
  17 yaktaur captains
  2 deep elf high priests (Depths:3)
  19 ogre magi
  8 great orbs of eyes
  16 ice dragons
  13 vault guards
  A spriggan air mage (Depths:4)
  7 rakshasas
  2 catoblepae
  3 merfolk avatars (Shoals:4)
  A hydra (D:14)
  2 alligator snapping turtles (Shoals:4)
  10 centaur warriors
  4 merfolk aquamancers
  61 two-headed ogres
  2 death knights (Vaults:2)
  11 deep troll shamans
  6 tengu warriors
  A satyr (Shoals:4)
  10 deep troll earth magi
  Urug (D:15)
  A satyr (shapeshifter) (Vaults:1)
  5 spriggan berserkers
  6 death yaks
  2 sun demons (Depths:4)
  4 vampire magi
  Sonja (D:12)
  4 orc high priests (Orc:2)
  7 hell knights
  5 deep elf knights
  12 skeletal warriors (Depths:4)
  28 deep trolls
  2 titan skeletons (Depths:4)
  A sixfirhy (D:3)
  5 iron trolls
  A salamander mystic (Volcano)
  A storm dragon skeleton (Depths:4)
  A death drake (shapeshifter) (Vaults:2)
  A spriggan druid (Depths:1)
  3 flayed ghosts
  9 sea snakes
  3 glowing orange brains
  2 unseen horrors (D:15)
  5 wizards
  5 phantasmal warriors
  17 ironbrand convokers
  A mana viper (shapeshifter) (Vaults:2)
  16 orc knights
  3 deep elf archers
  20 harpies
  3 golden dragon skeletons (Depths:4)
  17 orb spiders
  A wolf spider zombie (D:14)
  An orb spider (shapeshifter) (D:13)
  6 necromancers
  4 tengu skeletons (Depths:4)
  2 sphinx skeletons (Depths:4)
  10 shining eyes
  5 deep elf magi
  28 wolf spiders
  7 orc sorcerers
  2 shadow dragon skeletons (Depths:4)
  A cyclops (shapeshifter) (Vaults:1)
  7 fauns (Shoals:2)
  23 moths of wrath
  7 salamanders
  54 ugly things
  10 merfolk sirens
  7 cyclopes
  15 manticores
  An iron dragon skeleton (Depths:4)
  9 elephants (Lair:5)
  8 water nymphs
  16 vault sentinels
  3 frost giant skeletons
  4 black mambas
  2 rust devils
  2 torpor snails
  2 centaur zombies
  3 black mambas (shapeshifter)
  A spiny frog (shapeshifter) (D:14)
  A spriggan skeleton (Depths:4)
  9 spiny frogs
  65 yaktaurs
  6 komodo dragons
  A yaktaur (shapeshifter) (Depths:4)
  A red devil (D:1)
  A merfolk (shapeshifter) (Vaults:2)
  18 demonic crawlers
  5 tengu conjurers
  2 queen bees
  The ghost of adept the Shield-Bearer, an amateur DDFi of Makhleb (D:4)
  24 merfolk
  16 hornets
  43 jumping spiders
  A meliai (shapeshifter) (Vaults:3)
  A hellwing (D:3)
  4 polar bears
  5 trolls
  2 meliai (D:13)
  2 wind drakes (Shoals:4)
  Prince Ribbit (D:9)
  A hornet (shapeshifter) (Spider:1)
  A blink frog (shapeshifter) (Vaults:3)
  11 dream sheep
  17 blink frogs
  79 slime creatures
  9 snapping turtles
  17 hippogriffs
  2 hippogriffs (shapeshifter)
  A stone giant simulacrum (Vaults:3)
  7 elf skeletons (Depths:4)
  3 air elementals (Depths:5)
  10 flying skulls
  2 shadows
  15 spriggans
  26 water elementals
  3 wraiths
  62 redbacks
  36 tarantellas
  A vampire (D:12)
  A spriggan (shapeshifter) (D:15)
  A human (shapeshifter) (D:14)
  20 humans
  A basilisk (D:14)
  4 hogs
  A basilisk (shapeshifter) (Vaults:1)
  31 yaks
  3 golden eyes
  5 fire bats (Volcano)
  2 hungry ghosts
  4 vampire mosquitoes (D:12)
  8 wargs
  3 acid dragons
  A soldier ant (D:14)
  22 water moccasins
  A floating eye (Depths:3)
  10 porcupines
  8 sky beasts
  54 orc warriors
  5 ice beasts
  7 eyes of draining
  2 necrophages
  8 black bears
  14 boggarts
  19 wolves
  5 phantoms
  38 ogres
  20 centaurs
  A crocodile (shapeshifter) (Vaults:2)
  11 crocodiles
  A big kobold (D:13)
  Blork the orc (D:6)
  3 human zombies (Vaults:3)
  21 bullfrogs
  A small abomination (D:3)
  2 wyvern skeletons
  9 scorpions
  A water moccasin skeleton (D:8)
  22 killer bees
  4 wights (D:7)
  4 electric eels (Lair:1)
  4 howler monkeys
  8 crimson imps
  6 lava snakes (Volcano)
  A bullfrog zombie (D:7)
  8 hounds
  2 bullfrog skeletons
  A jelly (D:13)
  A gnoll shaman (D:4)
  2 quasits
  32 orc priests
  24 orc wizards
  5 centaur skeletons
  4 iguanas
  12 worker ants
  2 hound skeletons
  A worker ant zombie (D:11)
  13 gnolls
  12 adders
  4 shadow imps
  An ufetubus (Depths:1)
  An ooze (D:3)
  An adder zombie (D:5)
  6 worms
  3 dart slugs
  5 leopard geckos
  133 orcs
  6 bats
  8 giant cockroaches
  8 goblins
  6 hobgoblins
  4 jackals
  3 quokkas
  A ball python (D:3)
  5 frilled lizards (D:1)
  A giant cockroach zombie (D:5)
  11 kobolds
  A leopard gecko skeleton (D:9)
  2 leopard gecko zombies (D:8)
  A quokka skeleton (D:9)
  12 rats
  2 crawling corpses (Depths:3)
  2 fungi (Lair:6)
  A plant (Shoals:4)
2319 creatures vanquished.

Vanquished Creatures (collateral kills)
  The ghost of Britaniac the Earth Mage, a legendary GrEE of Vehumet (Zot:2)
  An ancient lich (Zot:4)
  Frederick (Depths:5)
  A Killer Klown (Zot:5)
  A tentacled monstrosity (Zot:3)
  A draconian annihilator (Zot:2)
  2 very ugly things
  3 yellow draconians
  A red draconian (Zot:1)
  A purple draconian (Zot:2)
  A merfolk javelineer (Shoals:4)
  An ettin (Orc:2)
  An eidolon (Vaults:3)
  A yaktaur captain (Vaults:2)
  A merfolk impaler (Shoals:4)
  A hydra (Lair:3)
  A vault guard (D:10)
  An alligator snapping turtle (Shoals:2)
  Fannar (Lair:2)
  2 two-headed ogres
  A death yak (Lair:6)
  A phantasmal warrior (Vaults:3)
  An ironbrand convoker (Vaults:3)
  3 orb spiders
  2 wolf spiders (Spider:1)
  A harpy (Shoals:2)
  3 ugly things
  A shining eye (Slime:1)
  2 manticores
  3 merfolk sirens
  A komodo dragon (Lair:3)
  7 yaktaurs
  A demonic crawler (Spider:2)
  4 merfolk (Shoals:4)
  A meliai (D:13)
  A slime creature (Vaults:2)
  2 blink frogs (Lair:1)
  A hippogriff (Lair:1)
  A water elemental (Shoals:1)
  2 water moccasins (Lair:3)
  A porcupine (Lair:3)
  An orc warrior (Orc:2)
  A wolf (Lair:6)
  2 boggarts (Lair:6)
  A crocodile (Lair:6)
  A scorpion (Spider:2)
  2 orc priests
  5 orc wizards
  4 orcs
  A fungus (Lair:6)
  A plant (Shoals:4)
83 creatures vanquished.

Vanquished Creatures (others)
  Donald (Slime:5)
  A white draconian (Zot:2)
  A spriggan air mage (Depths:5)
  2 orb spiders (Spider:2)
  A harpy (Shoals:2)
  A spiny frog (Lair:1)
  A komodo dragon (Lair:3)
  A jumping spider (Spider:1)
  A hornet (Lair:6)
  3 slime creatures (Vaults:2)
  A wyvern (Lair:5)
  A water elemental (Shoals:3)
  A yak (Lair:6)
  An ogre (Depths:2)
  2 orcs
  23 fungi
  30 plants
72 creatures vanquished.

Grand Total: 2474 creatures vanquished

Notes
Turn   | Place    | Note
-------+----------+-------------------------------------------
     0 | D:1      | dstrtn the Minotaur Warper began the quest for the Orb.
     0 | D:1      | Reached XP level 1. HP: 18/18 MP: 1/1
   516 | D:1      | Reached XP level 2. HP: 24/25 MP: 3/3
   524 | D:1      | Learned a level 2 spell: Blink
   962 | D:1      | Reached skill level 3 in Fighting
   992 | D:1      | Reached XP level 3. HP: 31/31 MP: 4/4
  1351 | D:2      | HP: 7/31 [poisoned by an adder]
  1356 | D:2      | HP: 6/31 [poisoned by an adder]
  1364 | D:2      | HP: 4/31 [poisoned by an adder]
  1707 | D:2      | Reached skill level 1 in Shields
  1855 | D:2      | HP: 7/31 [poisoned by an adder]
  1863 | D:2      | HP: 6/31 [poisoned by an adder]
  2451 | D:2      | Reached XP level 4. HP: 37/38 MP: 5/5
  3063 | D:3      | Noticed Mesmaeker13's ghost (amateur DgFi)
  3236 | D:3      | Found an ancient bone altar of Kikubaaqudgha.
  3389 | D:3      | Reached XP level 5. HP: 20/46 MP: 6/6
  4148 | D:3      | Noticed Sigmund
  4158 | D:3      | Reached skill level 5 in Maces & Flails
  4200 | D:4      | Reached skill level 4 in Fighting
  4297 | D:4      | Noticed adept's ghost (amateur DDFi)
  4432 | D:4      | HP: 11/46 [adept's ghost (8)]
  4857 | D:3      | Reached XP level 6. HP: 37/52 MP: 7/7
  5160 | D:4      | Reached skill level 1 in Evocations
  5160 | D:4      | Reached XP level 7. HP: 49/60 MP: 8/8
  5275 | D:4      | Reached skill level 5 in Fighting
  5763 | D:5      | Entered Level 5 of the Dungeon
  6395 | D:5      | Found a staircase to the Ecumenical Temple.
  6410 | Temple   | Entered the Ecumenical Temple
  6567 | Temple   | Became a worshipper of Trog the Wrathful
  6606 | D:5      | Reached skill level 6 in Fighting
  6606 | D:5      | Reached XP level 8. HP: 70/70 MP: 9/9
  7322 | D:6      | Noticed Blork the orc
  7336 | D:6      | Killed Blork the orc
  7468 | D:5      | Reached * piety under Trog
  7880 | D:6      | Reached skill level 7 in Fighting
  8233 | D:6      | Noticed a hippogriff
  8235 | D:6      | Killed a hippogriff
  8235 | D:6      | Reached skill level 10 in Maces & Flails
  8235 | D:6      | Reached XP level 9. HP: 79/79 MP: 9/11
  8412 | D:6      | Found a runed door.
  8776 | D:7      | Reached ** piety under Trog
  8799 | D:7      | Reached skill level 8 in Fighting
  9626 | D:8      | Reached skill level 5 in Dodging
  9700 | D:8      | Reached skill level 5 in Evocations
  9776 | D:8      | Reached XP level 10. HP: 83/89 MP: 12/12
  9822 | D:8      | Found a staircase to the Lair.
 10243 | D:8      | You fall through a shaft for 3 floors!
 10255 | D:10     | Entered Level 10 of the Dungeon
 10335 | D:8      | Reached skill level 5 in Shields
 10841 | D:9      | Noticed Prince Ribbit
 10855 | D:9      | Killed Prince Ribbit
 11061 | D:9      | Reached *** piety under Trog
 11573 | D:10     | Noticed Mesmaeker13's ghost (novice DgFi)
 11675 | D:10     | Reached **** piety under Trog
 11799 | D:10     | Noticed a vault guard
 11866 | D:10     | Reached skill level 9 in Fighting
 12392 | D:10     | Found a portal to a secret trove of treasure.
 12641 | D:10     | Killed a vault guard
 12670 | D:11     | Noticed a manticore
 12757 | D:11     | Reached XP level 11. HP: 89/97 MP: 14/14
 12930 | D:11     | Noticed a green ugly thing
 12937 | D:11     | Killed a green ugly thing
 13096 | D:11     | Noticed a green ugly thing
 13100 | D:11     | Killed a green ugly thing
 13136 | D:11     | Noticed a two-headed ogre
 13603 | D:11     | Killed a two-headed ogre
 13785 | D:12     | Noticed a purple ugly thing
 13896 | D:12     | Noticed a white ugly thing
 13905 | D:12     | Killed a white ugly thing
 14777 | D:12     | You fall through a shaft for 3 floors!
 14777 | D:15     | Entered Level 15 of the Dungeon
 14875 | D:14     | Reached skill level 10 in Fighting
 15001 | D:13     | Noticed a two-headed ogre
 15014 | D:13     | Killed a two-headed ogre
 15088 | D:12     | Found the +3 giant club "Skullcrusher" {speed, Str+7}
 15205 | D:12     | Killed a purple ugly thing
 15372 | D:12     | Noticed Sonja
 15374 | D:12     | Killed Sonja
 15374 | D:12     | Reached XP level 12. HP: 95/106 MP: 16/16
 15394 | D:12     | Found a staircase to the Orcish Mines.
 15693 | Lair:1   | Entered Level 1 of the Lair of Beasts
 15781 | Lair:1   | Reached ***** piety under Trog
 15814 | Lair:1   | Reached skill level 10 in Shields
 17148 | Lair:2   | Reached skill level 5 in Armour
 17152 | Lair:2   | Reached skill level 11 in Fighting
 17211 | Lair:2   | Noticed Fannar
 17220 | Lair:2   | Killed Fannar
 17373 | Lair:2   | Noticed a catoblepas
 17398 | Lair:2   | Killed a catoblepas
 17723 | Lair:3   | Noticed a five-headed hydra
 17735 | Lair:3   | Killed a five-headed hydra
 17743 | Lair:3   | Got an encrusted plate armour
 17810 | Lair:2   | Identified the +0 plate armour of Zofre {rN+ Int-3 Slay+3} (You found it on level 3 of the Lair of Beasts)
 18205 | Lair:3   | Received a gift from Trog
 18330 | Lair:3   | Found a staircase to the Shoals.
 18660 | Lair:4   | Reached XP level 13. HP: 106/117 MP: 6/18
 18715 | Lair:4   | Reached skill level 12 in Fighting
 19264 | Lair:4   | You fall through a shaft for 2 floors!
 19264 | Lair:6   | Entered Level 6 of the Lair of Beasts
 19346 | Lair:6   | Reached skill level 15 in Maces & Flails
 19501 | Lair:6   | Noticed Nessos
 19524 | Lair:6   | Killed Nessos
 20905 | Lair:5   | Found a staircase to the Slime Pits.
 21169 | Lair:5   | Received a gift from Trog
 21169 | Lair:5   | Reached skill level 13 in Fighting
 21179 | Lair:5   | Reached XP level 14. HP: 116/129 MP: 6/19
 21426 | Lair:4   | Found a hole to the Spider Nest.
 22155 | Lair:6   | Got a steaming hand crossbow
 22186 | Lair:6   | Identified the cursed +1 hand crossbow of Diroqec {venom, MR+ Str+3} (You found it on level 6 of the Lair of Beasts)
 22551 | Orc:1    | Entered Level 1 of the Orcish Mines
 22551 | Orc:1    | Noticed Snorg
 22554 | Orc:1    | Killed Snorg
 22653 | Orc:1    | Found Namenico's Magic Scroll Boutique.
 22664 | Orc:1    | Bought a scroll of silence for 135 gold pieces
 22664 | Orc:1    | Bought a scroll of identify for 36 gold pieces
 22664 | Orc:1    | Bought a scroll of summoning for 171 gold pieces
 22664 | Orc:1    | Bought a scroll of blinking for 135 gold pieces
 22664 | Orc:1    | Bought a scroll of teleportation for 54 gold pieces
 23052 | Orc:1    | Found a dark tunnel.
 23057 | Volcano  | Entered a volcano
 23258 | Volcano  | Reached skill level 10 in Armour
 23270 | Volcano  | Found a bloodstained altar of Trog.
 23285 | Volcano  | Reached skill level 14 in Fighting
 23305 | Volcano  | Found a bloodstained altar of Trog.
 23505 | Orc:2    | Entered Level 2 of the Orcish Mines
 23674 | Orc:2    | Received a gift from Trog
 23719 | Orc:2    | Found a bloodstained altar of Trog.
 23743 | Orc:2    | Found a staircase to the Elven Halls.
 24071 | Orc:2    | Found Cicociow's Antique Weapon Shoppe.
 24098 | Orc:2    | Paralysed by an orc sorcerer for 4 turns
 24173 | Orc:2    | Noticed an orc warlord
 24323 | Orc:1    | Killed an orc warlord
 24490 | Orc:1    | Reached skill level 15 in Fighting
 25172 | Orc:2    | Found Redupn's Antique Armour Shoppe.
 25173 | Orc:2    | Found Apuottiz's Antique Weapon Shoppe.
 25175 | Orc:2    | Found Diodwah's General Store.
 25175 | Orc:2    | Found Juahu's Jewellery Emporium.
 25244 | Orc:2    | Bought the amulet of Riejat {Gourm rF+ Str+4 Slay+3} for 1040 gold pieces
 25246 | Orc:2    | Bought a potion of invisibility for 104 gold pieces
 25246 | Orc:2    | Bought a +4 ring of evasion for 468 gold pieces
 25325 | D:13     | Noticed Kirke
 25613 | D:13     | Killed Kirke
 25788 | D:13     | Reached XP level 15. HP: 141/141 MP: 21/21
 25958 | D:13     | Received a gift from Trog
 26339 | D:13     | Reached skill level 10 in Evocations
 26487 | D:13     | Found a gate to the Vaults.
 27333 | D:15     | Noticed Urug
 27351 | D:15     | Killed Urug
 27643 | D:15     | Reached skill level 16 in Fighting
 27809 | D:15     | Received a gift from Trog
 27887 | D:15     | Found a shimmering altar of Xom.
 28175 | D:15     | Found a staircase to the Depths.
 28342 | D:15     | Found Ytuil's Gadget Shop.
 28345 | D:15     | Bought a wand of enslavement (15) for 323 gold pieces
 28612 | Spider:1 | Entered Level 1 of the Spider Nest
 30259 | Spider:2 | Reached XP level 16. HP: 128/152 MP: 22/22
 30806 | Spider:2 | Received a gift from Trog
 31317 | Spider:2 | Reached skill level 17 in Fighting
 31804 | Spider:2 | Noticed Asterion
 31815 | Spider:2 | Killed Asterion
 32878 | Spider:4 | Entered Level 4 of the Spider Nest
 32964 | Spider:4 | Reached ****** piety under Trog
 32978 | Spider:3 | Received a gift from Trog
 33092 | Spider:4 | Reached skill level 15 in Armour
 34325 | Spider:4 | Reached XP level 17. HP: 159/163 MP: 24/24
 34642 | Spider:4 | Received a gift from Trog
 34733 | Spider:4 | Got a gossamer rune of Zot
 35081 | Shoals:1 | Entered Level 1 of the Shoals
 35102 | Shoals:1 | Reached skill level 15 in Shields
 35402 | Shoals:1 | Reached skill level 10 in Dodging
 35937 | Shoals:1 | Reached skill level 18 in Fighting
 36244 | Shoals:2 | Got a brightly glowing ring mail
 36272 | Shoals:1 | Identified the +1 ring mail of Dunuyneo {rN+ Dex+2} (You found it on level 2 of the Shoals)
 36339 | Shoals:2 | Noticed Nikola
 36358 | Shoals:2 | Killed Nikola
 36591 | Shoals:2 | Received a gift from Trog
 36611 | Shoals:2 | Noticed Roxanne
 37443 | Shoals:4 | Entered Level 4 of the Shoals
 37870 | Shoals:4 | Received a gift from Trog
 37963 | Shoals:4 | Noticed Ilsuiw
 37963 | Shoals:4 | Reached XP level 18. HP: 84/173 MP: 26/26
 38017 | Shoals:4 | HP: 41/173 [merfolk javelineer/javelin of penetration (7)]
 38332 | Shoals:4 | Received a gift from Trog
 38817 | Shoals:4 | Got a pitted hand axe {pain}
 39145 | Shoals:4 | Killed Ilsuiw
 39239 | Shoals:4 | Got a barnacled rune of Zot
 39279 | Shoals:4 | Reached skill level 19 in Fighting
 39735 | Vaults:1 | Entered Level 1 of the Vaults
 40131 | Vaults:1 | Found Goserr's Weapon Boutique.
 40788 | Vaults:1 | Received a gift from Trog
 42750 | Vaults:1 | Reached XP level 19. HP: 144/183 MP: 27/27
 42973 | Vaults:2 | Received a gift from Trog
 44006 | Vaults:2 | Reached skill level 20 in Fighting
 44280 | Vaults:2 | Received a gift from Trog
 44662 | Vaults:3 | Received a gift from Trog
 45043 | Vaults:3 | Reached XP level 20. HP: 151/194 MP: 29/29
 45139 | Vaults:3 | Received a gift from Trog
 46133 | Vaults:3 | Found Juwnerre's General Store.
 46142 | Vaults:3 | Bought a box of beasts for 320 gold pieces
 46142 | Vaults:3 | Bought a scroll of enchant weapon for 120 gold pieces
 46222 | Vaults:3 | Found a staircase to the Crypt.
 46673 | Vaults:4 | Reached skill level 21 in Fighting
 46698 | Vaults:4 | Reached skill level 15 in Dodging
 47081 | Vaults:4 | Received a gift from Trog
 47488 | Vaults:4 | Found Meojirru's Antique Armour Shoppe.
 47491 | Vaults:4 | Bought a pair of runed gloves for 240 gold pieces
 47535 | Vaults:4 | Bought a glowing shield for 240 gold pieces
 47908 | Vaults:4 | Reached skill level 15 in Evocations
 47945 | Vaults:4 | Identified Loteyne's Almanac of Air and Talismans
 48215 | Vaults:4 | Reached XP level 21. HP: 140/204 MP: 31/31
 48325 | Vaults:4 | Received a gift from Trog
 49697 | Vaults:3 | Bought a scroll of enchant armour for 120 gold pieces
 49697 | Vaults:3 | Bought a potion of curing for 48 gold pieces
 49697 | Vaults:3 | Bought a potion of curing for 48 gold pieces
 49965 | Orc:1    | Bought a scroll of acquirement for 936 gold pieces
 50097 | Depths:1 | Entered Level 1 of the Depths
 50131 | Depths:1 | HP: 61/307 [Ice Fiend[a lich] (43)]
 50138 | Depths:1 | HP: 45/309 [lich/lance of force (20)]
 50607 | Depths:1 | Received a gift from Trog
 50619 | Depths:1 | Found a gateway to Hell.
 50784 | Depths:1 | Found a one-way gate leading to the halls of Pandemonium.
 50961 | Depths:1 | Found a flickering gateway to a bazaar.
 50990 | Bazaar   | Entered a bazaar
 51004 | Bazaar   | Found Liycwuh's Food Shoppe.
 51017 | Bazaar   | Found Eryrr's Magic Scroll Shoppe.
 51034 | Bazaar   | Found Wallim's Antique Weapon Emporium.
 51034 | Bazaar   | Found Ritalack's Gadget Shoppe.
 51058 | Bazaar   | Found Zunlix's Magic Scroll Emporium.
 51109 | Bazaar   | Bought a scroll of magic mapping for 31 gold pieces
 51208 | Depths:1 | Reached skill level 22 in Fighting
 52086 | Depths:2 | Received a gift from Trog
 52838 | Depths:2 | Found a one-way gate to the infinite horrors of the Abyss.
 53120 | Depths:2 | Noticed an ancient lich
 53134 | Depths:2 | Killed an ancient lich
 53134 | Depths:2 | Received a gift from Trog
 53169 | Depths:2 | Found the +6 Majin-Bo {vamp, Archmagi MP+6 Int+6}
 53342 | Depths:3 | Reached XP level 22. HP: 212/217 MP: 32/32
 53756 | Slime:1  | Entered Level 1 of the Pits of Slime
 53957 | Slime:2  | Gained mutation: You are weak. (Str -2) [a shining eye]
 54294 | Slime:3  | Gained mutation: You occasionally shout uncontrollably at your foes. [a shining eye]
 54506 | Slime:4  | Gained mutation: Your spells are a little easier to cast, but a little less powerful. [a shining eye]
 54507 | Slime:4  | Gained mutation: You are frail. (-10% HP) [a shining eye]
 54512 | Slime:4  | Reached skill level 23 in Fighting
 54562 | Slime:4  | Received a gift from Trog
 54799 | Slime:4  | Lost mutation: You are weak. (Str -2) [potion of mutation]
 54799 | Slime:4  | Lost mutation: You are frail. (-10% HP) [potion of mutation]
 54799 | Slime:4  | Lost mutation: You occasionally shout uncontrollably at your foes. [potion of mutation]
 54799 | Slime:4  | Lost mutation: Your spells are a little easier to cast, but a little less powerful. [potion of mutation]
 54799 | Slime:4  | Gained mutation: You have sharp toenails. [potion of mutation]
 54799 | Slime:4  | Gained mutation: You have razor-sharp toenails. [potion of mutation]
 54799 | Slime:4  | Gained mutation: You are partially covered in iridescent scales. (AC +2) [potion of mutation]
 54799 | Slime:4  | Gained mutation: You have a pair of large horns on your head. [potion of mutation]
 54801 | Slime:5  | Entered Level 5 of the Pits of Slime
 54836 | Slime:5  | Killed Donald
 54920 | Slime:5  | Noticed the Royal Jelly
 54925 | Slime:5  | Killed the Royal Jelly
 55118 | Slime:5  | Gained mutation: You do not regenerate when monsters are visible. [a shining eye]
 55119 | Slime:5  | Gained mutation: You are dopey. (Int -2) [a shining eye]
 55837 | Slime:5  | Gained mutation: You are frail. (-10% HP) [a shining eye]
 55841 | Slime:5  | Gained mutation: Armour fits poorly on your strangely shaped body. [a shining eye]
 56133 | Slime:5  | Found the +8 Wrath of Trog {antimagic, *Rage}
 56133 | Slime:5  | Found the +15 Maxwell's patent armour {-Cast -Tele rElec MR+ rCorr}
 56157 | Slime:5  | Got an ivory scimitar
 56173 | Slime:5  | Got a slimy rune of Zot
 56222 | Slime:5  | Identified the Handbook of the Badger
 56226 | Slime:5  | Got a steaming amber ring
 56228 | Slime:5  | Identified the cursed ring "Ytevayt" {rPois EV-3 Slay+2} (You found it on level 5 of the Pits of Slime)
 56709 | D:15     | Lost mutation: Armour fits poorly on your strangely shaped body. [potion of mutation]
 56709 | D:15     | Lost mutation: You do not regenerate when monsters are visible. [potion of mutation]
 56709 | D:15     | Lost mutation: You are dopey. (Int -2) [potion of mutation]
 56709 | D:15     | Lost mutation: You have a pair of large horns on your head. [potion of mutation]
 56709 | D:15     | Gained mutation: Your muscles are strong. (Str +2) [potion of mutation]
 56864 | Orc:2    | Bought an uncursed ring of protection from cold for 400 gold pieces
 57923 | Depths:3 | Received a gift from Trog
 58010 | Depths:3 | Received a gift from Trog
 58019 | Depths:3 | Got a brightly glowing quick blade {god gift}
 58021 | Depths:3 | Identified the +5 quick blade "Mison" {pierce, -Tele Fragile +Rage Dex+8} (Trog gifted it to you on level 3 of the Depths)
 58334 | Depths:3 | Got a pitted buckler
 58355 | Depths:3 | Identified the +0 buckler of Submission {MR+ Dex+4 Stlth+} (You found it on level 3 of the Depths)
 58499 | Depths:3 | Found a runed door.
 58536 | Depths:3 | Paralysed by a floating eye for 4 turns
 58633 | Depths:3 | Noticed a caustic shrike
 58743 | Depths:3 | Killed a caustic shrike
 58912 | Depths:3 | Reached XP level 23. HP: 204/205 MP: 33/33
 58990 | Depths:3 | Reached skill level 24 in Fighting
 59333 | Depths:3 | Noticed a caustic shrike
 59353 | Depths:3 | Killed a caustic shrike
 59864 | Depths:3 | Received a gift from Trog
 59865 | Depths:3 | Noticed an ancient lich
 59888 | Depths:3 | Killed an ancient lich
 60456 | Depths:4 | HP: 43/207 [flayed ghost (illusionary)/flay_damage (22)]
 60469 | Depths:4 | HP: 51/207 [flayed ghost (illusionary)/flay_damage (24)]
 60751 | Depths:4 | Found a gateway to a ziggurat.
 61187 | Depths:4 | Received a gift from Trog
 61596 | Depths:4 | Got an encrusted ring mail
 61609 | Depths:4 | Identified the cursed +0 ring mail of Plasticity {+Blink rPois Int-3 Slay+4} (You found it on level 4 of the Depths)
 61968 | Depths:4 | Reached skill level 25 in Fighting
 62090 | Depths:5 | Entered Level 5 of the Depths
 62182 | Depths:5 | Received a gift from Trog
 62182 | Depths:5 | Reached XP level 24. HP: 169/216 MP: 33/33
 62762 | Depths:5 | Noticed Saint Roka
 63151 | Depths:5 | Killed Saint Roka
 63296 | Depths:5 | Found a corrupted altar of Lugonu.
 63313 | Depths:5 | Noticed a juggernaut
 63330 | Depths:5 | Killed a juggernaut
 63330 | Depths:5 | Received a gift from Trog
 63820 | Depths:5 | Found a gate to the Realm of Zot.
 63829 | Zot:1    | Entered Level 1 of the Realm of Zot
 64049 | Zot:1    | Got an ichor-stained scale mail
 64060 | Zot:1    | Identified the +6 scale mail "Tosh" {rN++ rCorr Dex-2} (You found it on level 1 of the Realm of Zot)
 64123 | Zot:1    | Got a jewelled longbow
 65812 | Zot:2    | Noticed Britaniac's ghost (legendary GrEE)
 65846 | Zot:2    | Killed Britaniac's ghost
 65846 | Zot:2    | Reached skill level 26 in Fighting
 65912 | Zot:2    | Got an ancient glaive
 66401 | D:15     | Bought a box of beasts for 380 gold pieces
 66401 | D:15     | Bought a box of beasts for 380 gold pieces
 66527 | Depths:5 | Noticed Frederick
 66542 | Depths:5 | Killed Frederick
 67503 | Zot:2    | Reached XP level 25. HP: 224/227 MP: 11/33
 68903 | Zot:3    | Received a gift from Trog
 70688 | D:10     | You paid a toll of +3 gold dragon scales to enter a treasure trove
 70689 | Trove    | Entered a treasure trove
 70732 | Trove    | Got a translucent bronze ring
 70781 | D:10     | Reached skill level 27 in Fighting
 70781 | D:10     | Reached XP level 26. HP: 239/239 MP: 11/33
 70783 | D:10     | Identified the ring "Coivil" {rPois rN+ Str+3} (You found it in a treasure trove)
 71749 | Zot:5    | Entered Level 5 of the Realm of Zot
 72115 | Orc:1    | Bought a scroll of enchant armour for 135 gold pieces
 73093 | Zot:5    | Received a gift from Trog
 73955 | Zot:5    | Reached XP level 27. HP: 218/245 MP: 11/33
 74099 | Zot:5    | Noticed an orb of fire
 74609 | Zot:5    | Noticed an ancient lich
 74628 | Zot:5    | Killed an ancient lich
 74643 | Zot:5    | Noticed an ancient lich
 74658 | Zot:4    | Killed an ancient lich
 75046 | Zot:5    | Noticed an orb of fire
 75047 | Zot:5    | Gained mutation: Your magical capacity is low. (-10% MP) [an orb of fire]
 75052 | Zot:5    | Gained mutation: You occasionally shout uncontrollably at your foes. [an orb of fire]
 75062 | Zot:5    | Gained mutation: You tend to lose your temper in combat. [an orb of fire]
 75063 | Zot:5    | Killed an orb of fire
 75073 | Zot:4    | Lost mutation: You are frail. (-10% HP) [potion of mutation]
 75073 | Zot:4    | Lost mutation: Your muscles are strong. (Str +2) [potion of mutation]
 75073 | Zot:4    | Lost mutation: You tend to lose your temper in combat. [potion of mutation]
 75073 | Zot:4    | Gained mutation: You are agile. (Dex +2) [potion of mutation]
 75388 | Zot:5    | Noticed an ancient lich
 75397 | Zot:5    | Killed an ancient lich
 75581 | Zot:5    | Received a gift from Trog
 75787 | Zot:5    | Noticed an orb of fire
 75791 | Zot:5    | Noticed an orb of fire
 75805 | Zot:5    | Killed an orb of fire
 75826 | Zot:5    | Killed an orb of fire
 75863 | Zot:5    | Noticed an orb of fire
 75866 | Zot:5    | Gained mutation: You are dopey. (Int -2) [an orb of fire]
 75877 | Zot:5    | Gained mutation: You expend magic power (3 MP) to strengthen your wands. [an orb of fire]
 75880 | Zot:5    | Killed an orb of fire
 76161 | Zot:5    | Noticed an orb of fire
 76161 | Zot:5    | Gained mutation: Scrolls take you a little longer to read. [an orb of fire]
 76162 | Zot:5    | Lost mutation: You are agile. (Dex +2) [an orb of fire]
 76167 | Zot:5    | Gained mutation: Potions are less effective at restoring your health. [an orb of fire]
 76173 | Zot:5    | Killed an orb of fire
 76179 | Zot:5    | Killed an orb of fire
 76256 | Zot:5    | Lost mutation: You are dopey. (Int -2) [potion of mutation]
 76256 | Zot:5    | Lost mutation: Scrolls take you a little longer to read. [potion of mutation]
 76256 | Zot:5    | Gained mutation: Your body sometimes deteriorates upon taking damage. [potion of mutation]
 76256 | Zot:5    | Gained mutation: You can translocate small distances at will. [potion of mutation]
 76256 | Zot:5    | Gained mutation: Your spells are a little harder to cast, but a little more powerful. [potion of mutation]
 77194 | Zot:5    | Got the Orb of Zot
 77230 | Zot:4    | Lost mutation: You occasionally shout uncontrollably at your foes. [potion of mutation]
 77230 | Zot:4    | Lost mutation: Your magical capacity is low. (-10% MP) [potion of mutation]
 77230 | Zot:4    | Lost mutation: You have razor-sharp toenails. [potion of mutation]
 77230 | Zot:4    | Lost mutation: You expend magic power (3 MP) to strengthen your wands. [potion of mutation]
 77230 | Zot:4    | Gained mutation: You tend to lose your temper in combat. [potion of mutation]
 77230 | Zot:4    | Gained mutation: You are agile. (Dex +2) [potion of mutation]
 77231 | Zot:4    | Lost mutation: You tend to lose your temper in combat. [potion of mutation]
 77231 | Zot:4    | Lost mutation: Your body sometimes deteriorates upon taking damage. [potion of mutation]
 77231 | Zot:4    | Lost mutation: Your spells are a little harder to cast, but a little more powerful. [potion of mutation]
 77231 | Zot:4    | Gained mutation: Your spells are a little harder to cast, but a little more powerful. [potion of mutation]
 77231 | Zot:4    | Gained mutation: You are resistant to electric shocks. (rElec) [potion of mutation]
 77256 | Zot:3    | Noticed Bykeiq the pandemonium lord
 77473 | Zot:1    | Noticed Guaheuxt the pandemonium lord
 77477 | Zot:1    | Killed Guaheuxt the pandemonium lord
 77908 | D:4      | Killed adept's ghost
 77916 | D:3      | Noticed Plog the pandemonium lord
 77924 | D:3      | Killed Plog the pandemonium lord
 78005 | D:$      | Escaped with the Orb!

Skill      XL: |  1  2  3  4  5  6  7  8  9 10 11 12 13 14 15 16 17 18 19 20 21 22 23 24 25 26 27 |
---------------+----------------------------------------------------------------------------------+-----
Maces & Flails | 3 4 5 6 8 10 11 12 13 14 16 | 16.0
Fighting       | 3 4 6 7 8 9 10 11 13 15 16 17 18 19 20 21 22 23 25 26 27 | 27.0
Shields        | 1 2 3 4 7 9 11 13 14 15 17 19 21 22 23 24 25 | 25.0
Evocations     | 1 2 4 5 6 8 9 10 11 12 13 14 15 | 15.8
Dodging        | 3 5 6 7 8 9 11 12 14 15 16 17 18 19 21 | 21.7
Armour         | 3 4 6 8 12 13 15 16 17 18 19 20 21 22 24 | 24.0
Throwing       | 3 |  3.2
Spellcasting   | |  1.5
Translocations | |  2.1

Action                   |  1- 3 |  4- 6 |  7- 9 | 10-12 | 13-15 | 16-18 | 19-21 | 22-24 | 25-27 || total
-------------------------+-------+-------+-------+-------+-------+-------+-------+-------+-------++-------
Melee: Mace              |   107 |   149 |   405 |   183 |       |       |       |       |       ||   844
       Headbutt          |    12 |    23 |    93 |   154 |   305 |   406 |   583 |   804 |   345 ||  2725
       Flail             |       |       |    95 |   577 |       |       |       |       |       ||   672
       Morningstar       |       |       |       |    47 |       |       |       |       |       ||    47
       Eveningstar       |       |       |       |    33 |   674 |     7 |    49 |    27 |   935 ||  1725
       Demon whip        |       |       |       |       |   740 |  1573 |  1830 |  2131 |       ||  6274
       Hand axe          |       |       |       |       |     4 |       |       |       |       ||     4
Throw: Tomahawk          |     5 |       |     5 |       |       |       |       |       |       ||    10
       Stone             |     2 |     5 |     6 |       |       |       |       |       |       ||    13
       Javelin           |       |       |       |     2 |       |       |       |       |       ||     2
       Throwing net      |       |       |       |       |       |     4 |       |       |       ||     4
 Cast: Blink             |     1 |       |       |       |       |       |       |       |       ||     1
Invok: Burn Spellbooks   |       |       |     1 |     2 |     2 |     2 |     5 |     4 |       ||    16
       Berserk           |       |       |     1 |     4 |     1 |     4 |       |       |       ||    10
       Brothers in Arms  |       |       |       |     4 |     8 |    10 |     3 |     5 |     1 ||    31
       Trog's Hand       |       |       |       |     2 |    10 |     8 |     4 |     2 |     2 ||    28
 Abil: Evoke Flight      |       |       |       |       |       |     9 |       |       |       ||     9
Evoke: Wand              |       |    10 |     6 |    70 |    43 |    54 |     8 |    26 |    31 ||   248
       Lightning rod     |       |       |       |       |       |    12 |     8 |     2 |       ||    22
       Lamp of fire      |       |       |       |       |       |     4 |     6 |     4 |     1 ||    15
       Phial of floods   |       |       |       |       |       |     2 |     3 |     1 |       ||     6
       Phantom mirror    |       |       |       |       |       |       |       |     1 |       ||     1
       Box of beasts     |       |       |       |       |       |       |       |     2 |     1 ||     3
       Fan of gales      |       |       |       |       |       |       |       |       |     1 ||     1
  Use: Scroll            |     3 |     3 |    12 |    12 |    10 |    11 |    10 |    15 |    15 ||    91
       Potion            |       |       |       |       |     5 |    10 |     3 |    14 |    10 ||    42
 Stab: Sleeping          |       |       |     1 |     2 |       |       |       |       |       ||     3
       Paralysed         |       |       |       |       |       |     4 |       |       |     3 ||     7
       Distracted        |       |       |       |       |       |     2 |     1 |       |     1 ||     4
       Invisible         |       |       |       |       |       |     7 |       |       |       ||     7
  Eat: Chunk             |     5 |     6 |    12 |    25 |    57 |    54 |    40 |    40 |    22 ||   261
       Ration            |       |     1 |     2 |     3 |       |       |       |     2 |     6 ||    14
Armor: Leather armour    |    23 |       |       |       |       |       |       |       |       ||    23
       Ring mail         |     1 |    57 |    29 |       |       |       |       |       |       ||    87
       Robe              |       |       |   102 |   137 |       |       |       |       |       ||   239
       Plate armour      |       |       |       |    83 |   443 |   380 |       |       |       ||   906
       Storm dragon scal |       |       |       |       |       |    35 |   324 |   325 |   224 ||   908
       Skin              |       |       |       |       |       |       |    11 |       |       ||    11
       Ice dragon scales |       |       |       |       |       |       |       |   127 |       ||   127
Dodge: Dodged            |    52 |    78 |   198 |   281 |   322 |   594 |   693 |   585 |   341 ||  3144
Block: Buckler           |     8 |    48 |    67 |       |       |       |       |       |       ||   123
       Shield            |       |       |    10 |   311 |   599 |   868 |   541 |       |       ||  2329
       Large shield      |       |       |       |       |       |       |   430 |  1434 |   870 ||  2734
